 Dungeon Crawl Stone Soup version 0.17-a0-1853-ge1bd2c8 (webtiles) character file.

4008 Enno the Protected (level 10, 80/80 HPs)
             Began as a Human Berserker on Sept 19, 2015.
             Was a High Priest of Trog.
             Starved to death
             ... on level 8 of the Dungeon.
             The game lasted 01:05:24 (7965 turns).

Enno the Protected (Human Berserker)                Turns: 7965, Time: 01:05:24

Health: 80/80      AC: 17    Str: 22      XL:     10   Next: 47%
Magic:  10/10      EV:  8    Int:  8      God:    Trog [*****.]
Gold:   465        SH:  3    Dex: 15 (16) Spells: 0 memorised, 9 levels left

rFire  . . .     SeeInvis .     j - +7 long sword of the Endless March {venom, +Blink rC+ Dex+2}
rCold  + . .     Clarity  .     A - +0 plate armour
rNeg   . . .     SustAt   .     d - +0 buckler
rPois  .         Gourm    .     k - +1 helmet
rElec  .         Spirit   .     (no cloak)
rCorr  .         Warding  .     u - +0 pair of gloves
rMut   .         Stasis   .     (no boots)
MR     .....                    (no amulet)
Stlth  ..........               (no ring)
                                E - +3 ring of strength

@: fainting, not resistant to hostile enchantments, extremely unstealthy
A: no striking features
a: Burn Spellbooks, Berserk, Trog's Hand, Brothers in Arms, Renounce Religion,
Evoke Blink


You were on level 8 of the Dungeon.
You worshipped Trog.
Trog was extremely pleased with you.
You were fainting.

You visited 1 branch of the dungeon, and saw 8 of its levels.
You also visited: Sewer.

You collected 465 gold pieces.

Inventory:

Hand weapons
 j - the +7 long sword of the Endless March (weapon) {venom, +Blink rC+ Dex+2}
   (You found it on level 4 of the Dungeon)

   It poisons the flesh of those it strikes.
   It affects your dexterity (+2).
   It protects you from cold.
   It lets you blink.
 n - a +0 mace
 x - a +0 hunting sling
Missiles
 c - 2 steel javelins (quivered)
 p - 7 javelins
Armour
 d - a +0 buckler (worn)
 k - a +1 helmet (worn)
 u - a +0 pair of gloves (worn)
 A - a +0 plate armour (worn)
Jewellery
 E - a +3 ring of strength (left hand)
Scrolls
 a - 2 scrolls of summoning
 e - 2 scrolls of magic mapping
 f - 2 scrolls of remove curse
 l - a scroll of amnesia
 o - a scroll of fog
 r - 2 scrolls of fear
 v - 2 scrolls of blinking
 y - 2 scrolls of identify
 I - a scroll of immolation {unknown}
Potions
 i - a potion of brilliance
 q - 4 potions of mutation
 s - 3 potions of lignification
 t - 2 potions of degeneration {unknown}
 w - a potion of invisibility {unknown}
 z - a potion of flight {unknown}
 C - a potion of berserk rage {unknown}
 H - a potion of haste {unknown}
Books
 F - a book of the Earth

   Spells                             Type                      Level
   a - Leda's Liquefaction            Hexes/Earth                  4
   b - Bolt of Magma                  Conjuration/Fire/Earth       5
   c - Statue Form                    Transmutation/Earth          6
   d - Iron Shot                      Conjuration/Earth            6
   e - Shatter                        Earth                        9
   Trog disapproves of the use of such an item.
Miscellaneous
 g - a plain deck of wonders
Comestibles
 b - a bread ration
 h - 2 slices of pizza
 m - a royal jelly
 B - 2 meat rations
 D - a beef jerky
 G - 12 chunks of flesh


   Skills:
 + Level 7.7 Fighting
 + Level 7.9 Long Blades
 + Level 2.4 Maces & Flails
 + Level 8.6 Armour
 + Level 5.4 Dodging
 + Level 1.9 Stealth
 + Level 0.2 Shields


You had 9 spell levels left.
You didn't know any spells.

Dungeon Overview and Level Annotations

Branches:
Dungeon (8/15)             Temple (0/1) D:6
   Lair: D:8-11

Altars:
Dithmenos
Fedhas
Makhleb
Nemelex Xobeh
Qazlal
Sif Muna

Shops:
D:7 :


Message History

You see here a wyvern corpse.
You see here a giant gecko corpse.
You butcher the giant gecko corpse.
G - 7 chunks of flesh (gained 2)
You see here a wyvern corpse.
You see here a wyvern corpse.
You butcher the wyvern corpse.
G - 12 chunks of flesh (gained 5)
Found 2 poisoned javelins and 7 gold pieces.
Found 14 gold pieces.
You lose consciousness!
You can move again.
Found a stone staircase leading up.
You now have 451 gold pieces (gained 7).
There are no items here.
Found 12 stones.
You now have 465 gold pieces (gained 14).
There are no items here.
You have starved to death.
You die...

##########
#########........#
#.......#........#
#.......#........#
#.......#.......(#
#.......#........#
#.............@..#
###.......#........#
...................#
.#...........(.....#
...##..............#
########.......#####
#.......... ####
#.......##.. ...
#.........# #


There were no monsters in sight!

Vanquished Creatures
  Pikel (D:7)
  Grinder (D:3)
  A wyvern (D:8)
  Sigmund (D:2)
  Eustachio (D:4)
  4 yaks (D:8)
  3 orc warriors
  A water moccasin (D:6)
  Purgy (Sewer)
  A necrophage (D:7)
  2 ogres (D:5)
  An ice beast (D:6)
  2 sky beasts
  A centaur (D:6)
  A big kobold (Sewer)
  A giant frog (D:7)
  5 wights (D:6)
  A quasit (D:8)
  2 crimson imps
  A hound (D:5)
  Crazy Yiuf (D:2)
  An orc priest (D:5)
  A centaur zombie (D:7)
  3 jellies
  Jessica (D:3)
  9 orc wizards
  4 worker ants
  13 adders
  A river rat (D:5)
  A shadow imp (D:7)
  2 oozes (D:1)
  An adder skeleton (D:5)
  4 worms
  17 orcs
  2 ball pythons
  10 giant cockroaches
  5 goblins
  10 hobgoblins
  10 jackals
  18 kobolds
  7 quokkas
  A ball python skeleton (D:4)
  10 bats
  6 giant geckos
  6 giant newts
  13 rats
189 creatures vanquished.

Vanquished Creatures (others)
  An ice beast (D:7)
  2 slaves (D:7)
  An adder (D:7)
  A giant gecko (D:6)
  A jackal (D:7)
6 creatures vanquished.

Grand Total: 195 creatures vanquished

Notes
Turn   | Place    | Note
--------------------------------------------------------------
     0 | D:1      | Enno the Human Berserker began the quest for the Orb.
     0 | D:1      | Reached XP level 1. HP: 18/18 MP: 1/1
   146 | D:1      | Reached XP level 2. HP: 13/24 MP: 2/2
   477 | D:1      | Reached XP level 3. HP: 21/29 MP: 3/3
   665 | D:1      | Acquired Trog's second power
  1243 | D:2      | Reached XP level 4. HP: 26/36 MP: 4/4
  2319 | D:2      | Noticed Sigmund
  2330 | D:2      | Killed Sigmund
  2330 | D:2      | Reached skill level 4 in Fighting
  2330 | D:2      | Reached XP level 5. HP: 42/42 MP: 5/5
  2330 | D:2      | Reached XP level 6. HP: 48/48 MP: 6/6
  2698 | D:2      | Noticed Crazy Yiuf
  2707 | D:2      | Killed Crazy Yiuf
  2878 | D:3      | Noticed Jessica
  2910 | D:3      | Killed Jessica
  2910 | D:3      | Reached skill level 1 in Stealth
  2954 | D:3      | Received a gift from Trog
  3064 | D:3      | Found a shadowy altar of Dithmenos.
  3252 | D:3      | Noticed Grinder
  3291 | D:3      | Killed Grinder
  3291 | D:3      | Reached skill level 1 in Maces & Flails
  3291 | D:3      | Reached XP level 7. HP: 47/55 MP: 7/7
  3930 | D:4      | Received a gift from Trog
  3965 | D:4      | Got a warped long sword
  3966 | D:4      | Identified the +7 long sword of the Endless March {venom, +Blink rC+ Dex+2} (You found it on level 4 of the Dungeon)
  4083 | D:4      | Noticed Eustachio
  4096 | D:4      | Killed Eustachio
  4096 | D:4      | Reached skill level 5 in Fighting
  4096 | D:4      | Reached XP level 8. HP: 62/62 MP: 8/8
  4503 | D:5      | Entered Level 5 of the Dungeon
  4716 | D:5      | Found a glowing drain.
  4731 | Sewer    | Entered a sewer
  4746 | Sewer    | Noticed Purgy
  4753 | Sewer    | Killed Purgy
  4874 | Sewer    | Acquired Trog's third power
  4953 | D:5      | Found a sparkling altar of Nemelex Xobeh.
  4979 | D:5      | Reached skill level 5 in Armour
  4993 | D:5      | Reached skill level 5 in Long Blades
  5249 | D:5      | Reached skill level 6 in Fighting
  5350 | D:5      | Reached XP level 9. HP: 69/69 MP: 9/9
  5513 | D:6      | Reached skill level 5 in Dodging
  6292 | D:6      | Reached skill level 7 in Armour
  6644 | D:6      | Found a staircase to the Ecumenical Temple.
  7167 | D:7      | Noticed Pikel
  7177 | D:7      | Killed Pikel
  7177 | D:7      | Reached XP level 10. HP: 79/79 MP: 10/10
  7182 | D:7      | Found a blossoming altar of Fedhas.
  7279 | D:7      | Found Bicail's Book Emporium.
  7417 | D:7      | Reached skill level 8 in Armour
  7435 | D:7      | Upgraded the game from 0.17-a0-1850-g688e747 to 0.17-a0-1853-ge1bd2c8
  7541 | D:7      | Found a burning altar of Makhleb.
  7541 | D:7      | Found a deep blue altar of Sif Muna.
  7601 | D:7      | Found a stormy altar of Qazlal.
  7965 | D:8      | Starved to death

Vault maps used:
D:1:      dpeg_arrival_oval, minmay_rat_gold_closets
D:2:      uniq_sigmund, uniq_crazy_yiuf_cottage
D:3:      first_bread, nicolae_dithmenos_shadow_blocks, uniq_jessica,
          uniq_grinder
D:4:      uniq_eustachio
D:5:      nemelex_deck, gup_sewer_entry_bubbles
D:6:      lemuel_temple_firewalk_marked
D:7:      overflow_temple_1_default, gammafunk_temple_overflow_elements,
          kennysheep_little_box, serial_shops, shop, uniq_pikel
D:8:      uniq_erolcha
Sewer:    kennysheep_door_sewer

Action                   |  1- 3 |  4- 6 |  7- 9 | 10-12 || total
-------------------------+-------+-------+-------+-------++-------
Melee: Falchion          |   125 |   106 |       |       ||   231
       Mace              |       |    80 |    63 |       ||   143
       Long sword        |       |       |   230 |    83 ||   313
Invok: Berserk           |       |     3 |     2 |       ||     5
  Use: Potion            |       |     2 |       |       ||     2
       Scroll            |       |     5 |     7 |     1 ||    13
 Stab: Sleeping          |     2 |       |       |       ||     2
       Distracted        |       |       |       |     1 ||     1
  Eat: Bread ration      |       |     1 |     1 |       ||     2
       Meat ration       |       |     2 |     1 |       ||     3
       Chunk             |       |       |     2 |       ||     2
